Blues vs Rangers
Created - April 8, 2025 at 23:06
Goals
|
| Blues |
1 |
1 |
1 |
3 |
| Rangers |
2 |
2 |
3 |
7 |
|
Shots
|
| Blues |
2 |
9 |
15 |
26 |
| Rangers |
18 |
10 |
14 |
42 |
|
1st period
1. Blues , Nathan MacKinnon 42 (Filip Forsberg 49, Travis Sanheim 16) at 12:31
2. Rangers , Vince Dunn 1 (Henrik Samuelsson 14, Viktor Arvidsson 23) at 16:18
3. Rangers , Viktor Arvidsson 14 (Henrik Samuelsson 15) at 18:23
Penalties :
Petter Granberg (Stl) for Goalie Interference (Minor) at 2:08, Travis Sanheim (Stl) for High sticking (Minor) at 5:21, Drew Shore (Stl) for Holding (Minor) at 9:30
2nd period
4. Blues , Nathan MacKinnon 43 (Filip Forsberg 50, Dominik Simon 9) at 12:22
5. Rangers , Henrik Samuelsson 6 (Viktor Arvidsson 24, Oliver Bjorkstrand 8) at 15:32
6. Rangers , Milan Lucic 38 (Sean Couturier 35) at 16:30 (PP)
Penalties :
Milan Lucic (NyR) for Hooking (Minor) at 4:44, Travis Sanheim (Stl) for Holding (Minor) at 16:27
3rd period
7. Rangers , Henrik Samuelsson 7 (Viktor Arvidsson 25, Mikhail Sergachev 20) at 5:06
8. Rangers , Milan Lucic 39 (Sean Couturier 36, Ryan Strome 18) at 7:45
9. Blues , Dominik Simon 9 (Ladislav Smid 7) at 10:21
10. Rangers , Dmitry Kulikov 3 (David Pope 14, Connor Chatam 5) at 18:09
Penalties :
Jujhar Khaira (Stl) for Cross-checking (Minor) at 11:08
Goalie Stats
Carey Price (Stl), 35 saves from 42 shots - (0.833), L, 32-14-3, 60:00 minutes
Samuel Montembeault (NyR), 23 saves from 26 shots - (0.885), W, 20-20-7, 60:00 minutes
Players Stats for Blues
Player Name G A P +/- PIM S H SB GA TA FO MP PP MP PK MP
------------------------------------------------------------------------------------
Cody Ceci 0 0 0 -1 0 0 1 2 1 0 0/0 22:06 0:00 4:53
David Perron 0 0 0 -2 0 3 1 0 0 0 0/0 14:57 0:56 1:48
Dominik Simon 1 1 2 1 0 2 0 0 0 0 0/0 8:45 0:00 0:25
Drew Shore 0 0 0 1 2 0 0 0 0 1 1/5 11:46 0:00 3:17
Ethan Bear 0 0 0 0 0 0 0 2 0 2 0/0 12:40 0:52 0:00
Filip Forsberg 0 2 2 -1 0 3 3 1 0 1 2/3 20:39 1:03 2:39
Ilya Kovalchuk 0 0 0 1 0 0 0 0 0 0 0/0 8:05 0:00 0:00
Jordan Kyrou 0 0 0 -2 0 2 2 0 0 1 0/0 13:13 1:03 0:00
Jujhar Khaira 0 0 0 -1 2 0 0 0 0 0 0/0 16:13 0:00 3:23
Ladislav Smid 0 1 1 -1 0 0 2 1 0 0 0/0 19:55 0:00 4:45
Nathan MacKinnon 2 0 2 -1 0 3 0 0 1 0 15/24 18:49 1:03 0:38
Nikolaj Ehlers 0 0 0 -1 0 3 1 0 0 0 2/4 17:48 0:56 0:00
Petter Granberg 0 0 0 0 2 1 1 0 0 0 0/0 17:29 1:07 2:16
Sean Monahan 0 0 0 -1 0 2 3 0 0 0 6/11 15:01 0:56 1:54
Seth Jones 0 0 0 -2 0 3 2 2 2 0 0/0 25:00 0:52 3:14
Travis Sanheim 0 1 1 -2 4 1 2 0 0 1 0/0 23:05 1:07 0:50
Tyler Toffoli 0 0 0 -1 0 2 2 0 0 0 0/0 14:16 0:00 1:54
Vincent Trocheck 0 0 0 -2 0 1 0 0 0 1 2/4 12:09 0:00 0:00
Players Stats for Rangers
Player Name G A P +/- PIM S H SB GA TA FO MP PP MP PK MP
------------------------------------------------------------------------------------
Cale Makar 0 0 0 1 0 4 1 2 0 0 0/0 26:12 5:04 0:51
Casey Mittelstadt 0 0 0 1 0 1 0 0 1 0 1/4 10:19 0:01 0:52
Connor Chatam 0 1 1 1 0 0 3 1 1 0 0/0 9:27 0:01 0:00
David Pope 0 1 1 1 0 5 2 0 1 0 0/0 10:23 0:01 0:56
Devante Smith-Pelly 0 0 0 -2 0 0 1 0 1 0 0/1 16:59 4:22 0:00
Dmitry Kulikov 1 0 1 -1 0 2 2 1 0 0 0/0 18:20 0:00 1:08
Henrik Samuelsson 2 2 4 3 0 3 0 0 0 0 2/5 12:15 0:00 0:21
Jake McCabe 0 0 0 1 0 0 2 0 1 0 0/0 26:12 5:04 0:51
Mikhail Sergachev 0 1 1 -1 0 0 1 0 0 0 0/0 21:49 2:55 1:08
Milan Lucic 2 0 2 1 2 6 2 0 1 1 0/0 20:04 4:22 0:00
Oliver Bjorkstrand 0 1 1 3 0 1 0 0 0 1 0/1 12:40 0:00 0:46
Ondrej Palat 0 0 0 -2 0 0 0 0 0 0 0/0 16:45 2:55 0:07
Ryan Strome 0 1 1 1 0 2 1 0 0 0 0/0 19:17 3:36 0:00
Sean Couturier 0 2 2 1 0 2 2 0 0 0 17/30 21:01 4:22 0:56
Steven Santini 0 0 0 3 0 3 0 1 0 0 0/0 11:59 0:00 0:00
Tomas Hertl 0 0 0 -2 0 2 1 0 0 1 3/9 16:35 3:36 0:00
Viktor Arvidsson 1 3 4 3 0 6 1 0 1 1 0/1 15:44 3:36 0:00
Vince Dunn 1 0 1 3 0 5 0 1 0 0 0/0 11:59 0:00 0:00
3 Stars
1 - Henrik Samuelsson (NyR)
2 - Viktor Arvidsson (NyR)
3 - Milan Lucic (NyR)
Power Play
Blues - 0 on 1 Attempt(s) - 0.00%
Rangers - 1 on 5 Attempt(s) - 20.00%
Penalty Kill
Blues - 4 on 5 Attempt(s) - 80.00%
- Score 0 goal in Penalty Kill
Rangers - 1 on 1 Attempt(s) - 100.00%
- Score 0 goal in Penalty Kill
Team Stat
Blues - Hits : 20 - Faceoff Wins : 28 - Blocked Shots : 8 - Penalty Minutes : 10
Rangers - Hits : 19 - Faceoff Wins : 23 - Blocked Shots : 6 - Penalty Minutes : 2
Official
Referees : Eric Furlatt and Brian Pochmara
Linesman : Ryan Gibbons and Bevan Mills
Game Notes
No Game Note
Finance
Level 1 -- Attendance: 6000 (100.00%) -- Ticket Income $600,000
Level 2 -- Attendance: 4606 (92.12%) -- Ticket Income $322,420
Level 3 -- Attendance: 1855 (92.75%) -- Ticket Income $74,200
Level 4 -- Attendance: 3959 (98.98%) -- Ticket Income $118,770
Luxury Box -- Attendance: 933 (93.30%) -- Ticket Income $186,600
Game was played at the Madison Square Garden.
Total Attendance: 17353 (96.41%)
Total Ticket Income: $1,301,990
Other Income: $195,298
Total Income: $1,497,288
Blues
5 vs 5 Forward
Center Left Wing Right Wing Time % Phy DF OF
1 Nathan MacKinnon Filip Forsberg Nikolaj Ehlers 40 0 2 3
2 Sean Monahan Jujhar Khaira Tyler Toffoli 30 0 2 3
3 Vincent Trocheck David Perron Jordan Kyrou 20 1 2 2
4 Drew Shore Dominik Simon Ilya Kovalchuk 10 0 3 2
5 vs 5 Defense
Defense Defense Time % Phy DF OF
1 Seth Jones Travis Sanheim 40 1 2 2
2 Petter Granberg Cody Ceci 30 1 2 2
3 Ethan Bear Ladislav Smid 20 1 2 2
4 Ladislav Smid Cody Ceci 10 1 2 2
PowerPlay Forward
Center Left Wing Right Wing Time % Phy DF OF
1 Nathan MacKinnon Filip Forsberg Jordan Kyrou 60 0 2 3
2 Sean Monahan David Perron Nikolaj Ehlers 40 0 2 3
PowerPlay Defense
Defense Defense Time % Phy DF OF
1 Seth Jones Ethan Bear 60 0 2 3
2 Petter Granberg Travis Sanheim 40 0 2 3
Penalty Kill 4 Players Forward
Center Wing Time % Phy DF OF
1 Drew Shore Jujhar Khaira 60 1 3 1
2 Sean Monahan Tyler Toffoli 40 1 3 1
Penalty Kill 4 Players Defense
Defense Defense Time % Phy DF OF
1 Ladislav Smid Cody Ceci 60 1 2 2
2 Petter Granberg Seth Jones 40 1 2 2
Penalty Kill - 3 Players Forward
Forward Time % Phy DF OF
1 Drew Shore 60 1 2 2
2 Sean Monahan 40 1 2 2
Penalty Kill - 3 Players Defense
Defense Defense Time % Phy DF OF
1 Cody Ceci Ladislav Smid 60 1 2 2
2 Seth Jones Petter Granberg 40 1 2 2
4 vs 4 Forward
Center Wing Time % Phy DF OF
1 Nathan MacKinnon Filip Forsberg 60 1 2 2
2 Sean Monahan Nikolaj Ehlers 40 1 2 2
4 vs 4 Defense
Defense Defense Time % Phy DF OF
1 Seth Jones Ladislav Smid 60 1 2 2
2 Cody Ceci Petter Granberg 40 1 2 2
Last Minutes Offensive
Center Left Wing Right Wing Defense Defense
Nathan MacKinnon Filip Forsberg Nikolaj Ehlers Seth Jones Travis Sanheim
Last Minutes Defensive
Center Left Wing Right Wing Defense Defense
Drew Shore Jujhar Khaira Ilya Kovalchuk Ladislav Smid Cody Ceci
Goaltenders
Starting : Carey Price
Backup : Jake Oettinger
Extra Forwards
Normal : Jordan Kyrou, Nikolaj Ehlers, Drew Shore - PP : David Perron, Ilya Kovalchuk - PK : Filip Forsberg
Extra Defensemen
Normal : Cody Ceci, Travis Sanheim, Seth Jones - PP : Cody Ceci - PK : Seth Jones, Travis Sanheim
Penalty Shots
Jordan Kyrou, David Perron, Ilya Kovalchuk, Sean Monahan, Filip Forsberg
Custom OT Lines Forwards
Filip Forsberg, Nathan MacKinnon, Tyler Toffoli, Nikolaj Ehlers, David Perron, Sean Monahan, Vincent Trocheck, Jujhar Khaira, Ilya Kovalchuk, Drew Shore
Custom OT Lines Defensemen
Seth Jones, Petter Granberg, Travis Sanheim, Cody Ceci, Ladislav Smid
Scratches
Josh Morrissey (Torso Injury), Luke Glendening (Healthy)
Rangers
5 vs 5 Forward
Center Left Wing Right Wing Time % Phy DF OF
1 Sean Couturier Milan Lucic Ryan Strome 35 1 2 2
2 Tomas Hertl Ondrej Palat Devante Smith-Pelly 30 1 2 2
3 Henrik Samuelsson Viktor Arvidsson Oliver Bjorkstrand 25 1 2 2
4 Casey Mittelstadt David Pope Connor Chatam 10 1 2 2
5 vs 5 Defense
Defense Defense Time % Phy DF OF
1 Jake McCabe Cale Makar 40 1 2 2
2 Dmitry Kulikov Mikhail Sergachev 30 1 2 2
3 Vince Dunn Steven Santini 20 1 2 2
4 Jake McCabe Cale Makar 10 1 2 2
PowerPlay Forward
Center Left Wing Right Wing Time % Phy DF OF
1 Sean Couturier Milan Lucic Devante Smith-Pelly 60 1 2 2
2 Tomas Hertl Viktor Arvidsson Ryan Strome 40 1 2 2
PowerPlay Defense
Defense Defense Time % Phy DF OF
1 Jake McCabe Cale Makar 60 1 2 2
2 Ondrej Palat Mikhail Sergachev 40 1 2 2
Penalty Kill 4 Players Forward
Center Wing Time % Phy DF OF
1 Milan Lucic Sean Couturier 60 1 2 2
2 Henrik Samuelsson Tomas Hertl 40 1 2 2
Penalty Kill 4 Players Defense
Defense Defense Time % Phy DF OF
1 Jake McCabe Cale Makar 60 1 2 2
2 Dmitry Kulikov Mikhail Sergachev 40 1 2 2
Penalty Kill - 3 Players Forward
Forward Time % Phy DF OF
1 Henrik Samuelsson 60 1 2 2
2 Sean Couturier 40 1 2 2
Penalty Kill - 3 Players Defense
Defense Defense Time % Phy DF OF
1 Jake McCabe Cale Makar 60 1 2 2
2 Dmitry Kulikov Mikhail Sergachev 40 1 2 2
4 vs 4 Forward
Center Wing Time % Phy DF OF
1 Milan Lucic Sean Couturier 60 1 2 2
2 Tomas Hertl Viktor Arvidsson 40 1 2 2
4 vs 4 Defense
Defense Defense Time % Phy DF OF
1 Vince Dunn Cale Makar 60 1 2 2
2 Dmitry Kulikov Mikhail Sergachev 40 1 2 2
Last Minutes Offensive
Center Left Wing Right Wing Defense Defense
Sean Couturier Milan Lucic Devante Smith-Pelly Jake McCabe Cale Makar
Last Minutes Defensive
Center Left Wing Right Wing Defense Defense
Sean Couturier Milan Lucic Devante Smith-Pelly Jake McCabe Cale Makar
Goaltenders
Starting : Samuel Montembeault
Backup : Eric Comrie
Extra Forwards
Normal : Ryan Strome, Ondrej Palat, Oliver Bjorkstrand - PP : Tomas Hertl, Ondrej Palat - PK : Oliver Bjorkstrand
Extra Defensemen
Normal : Vince Dunn, Steven Santini, Dmitry Kulikov - PP : Vince Dunn - PK : Steven Santini, Dmitry Kulikov
Penalty Shots
Milan Lucic, Sean Couturier, Tomas Hertl, Viktor Arvidsson, Devante Smith-Pelly
Custom OT Lines Forwards
Milan Lucic, Sean Couturier, Tomas Hertl, Ryan Strome, Devante Smith-Pelly, Viktor Arvidsson, Ondrej Palat, Oliver Bjorkstrand, David Pope, Casey Mittelstadt
Custom OT Lines Defensemen
Jake McCabe, Cale Makar, Dmitry Kulikov, Mikhail Sergachev, Vince Dunn
Scratches
Patrik Nemeth (Healthy), Seth Griffith (Healthy), Stefan Noesen (Healthy)
% Time on Ice - Blues
Lines # - Real PCT - Wanted PCT - Time Play
Normal Forward
1 - 35% - 40% - 17:26
2 - 25% - 30% - 12:22
3 - 24% - 20% - 12:09
4 - 16% - 10% - 8:05
Normal Defense
1 - 42% - 40% - 21:12
2 - 28% - 30% - 14:07
3 - 24% - 20% - 11:47
4 - 6% - 10% - 2:56
PP Forward
1 - 53% - 60% - 1:03
2 - 47% - 40% - 0:56
PP Defense
1 - 44% - 60% - 0:52
2 - 56% - 40% - 1:07
PK Forward
1 - 76% - 60% - 6:05
2 - 24% - 40% - 1:54
PK Defense
1 - 59% - 60% - 4:45
2 - 41% - 40% - 3:14
PK3 Forward
1 - 0% - 60%
2 - 0% - 40%
PK3 Defense
1 - 0% - 60%
2 - 0% - 40%
44 Forward
1 - 0% - 60%
2 - 0% - 40%
44 Defense
1 - 0% - 60%
2 - 0% - 40%
Last Minute Offensive - 0:00
Last Minute Defensive - 0:00
Total
Forward - 60:00
Defense - 60:00
|
% Time on Ice - Rangers
Lines # - Real PCT - Wanted PCT - Time Play
Normal Forward
1 - 32% - 35% - 15:57
2 - 26% - 30% - 12:59
3 - 24% - 25% - 11:54
4 - 18% - 10% - 9:12
Normal Defense
1 - 38% - 40% - 18:47
2 - 36% - 30% - 17:46
3 - 24% - 20% - 11:59
4 - 3% - 10% - 1:30
PP Forward
1 - 55% - 60% - 4:23
2 - 45% - 40% - 3:36
PP Defense
1 - 63% - 60% - 5:04
2 - 37% - 40% - 2:55
PK Forward
1 - 100% - 60% - 1:59
2 - 0% - 40% - 0:00
PK Defense
1 - 43% - 60% - 0:51
2 - 57% - 40% - 1:08
PK3 Forward
1 - 0% - 60%
2 - 0% - 40%
PK3 Defense
1 - 0% - 60%
2 - 0% - 40%
44 Forward
1 - 0% - 60%
2 - 0% - 40%
44 Defense
1 - 0% - 60%
2 - 0% - 40%
Last Minute Offensive - 0:00
Last Minute Defensive - 0:00
Total
Forward - 60:00
Defense - 60:00
|
Play-by-Play
1st period
0:01 of 1st period - Nathan MacKinnon wins face-off versus Sean Couturier in neutral zone.
0:34 of 1st period - Slapshot by Seth Jones.
0:34 of 1st period - Shot Blocked by Cale Makar.
1:15 of 1st period - Slapshot by Viktor Arvidsson.
1:15 of 1st period - Stopped by Carey Price without a rebound.
1:16 of 1st period - Nathan MacKinnon wins face-off versus Casey Mittelstadt in Blues zone.
1:51 of 1st period - Snap shot by Ryan Strome.
1:51 of 1st period - Stopped by Carey Price with a rebound.
1:53 of 1st period - Slapshot by Mikhail Sergachev.
1:53 of 1st period - Deflect By Milan Lucic.
1:53 of 1st period - Stopped by Carey Price with a rebound.
2:08 of 1st period - Minor Penalty to Petter Granberg for Goalie Interference.
2:09 of 1st period - Sean Couturier wins face-off versus Drew Shore in Blues zone.
2:37 of 1st period - Slapshot by Cale Makar.
2:37 of 1st period - Deflect By Tyler Toffoli.
2:37 of 1st period - Stopped by Carey Price with a rebound.
3:39 of 1st period - Viktor Arvidsson is hit by Filip Forsberg and loses puck.
4:08 of 1st period - Penalty to Petter Granberg is over, Petter Granberg is back on ice.
4:10 of 1st period - Petter Granberg is hit by David Pope and loses puck.
4:19 of 1st period - Snap shot by David Pope.
4:19 of 1st period - Stopped by Carey Price with a rebound.
4:21 of 1st period - Snap shot by Steven Santini.
4:21 of 1st period - Deflect By Seth Jones.
4:21 of 1st period - Stopped by Carey Price without a rebound.
4:22 of 1st period - Casey Mittelstadt wins face-off versus Nikolaj Ehlers in Blues zone.
4:23 of 1st period - Backhand shot by David Pope.
4:23 of 1st period - Stopped by Carey Price with a rebound.
4:31 of 1st period - Snap shot by Casey Mittelstadt.
4:31 of 1st period - Stopped by Carey Price with a rebound.
4:33 of 1st period - Wrist shot by Connor Chatam.
4:33 of 1st period - Shot Misses the Net.
4:35 of 1st period - Snap shot by Casey Mittelstadt.
4:35 of 1st period - Shot Misses the Net.
5:04 of 1st period - Wrist shot by Sean Couturier.
5:04 of 1st period - Stopped by Carey Price without a rebound.
5:05 of 1st period - Sean Couturier wins face-off versus Sean Monahan in Blues zone.
5:21 of 1st period - Minor Penalty to Travis Sanheim for High sticking.
5:22 of 1st period - Sean Couturier wins face-off versus Drew Shore in Blues zone.
5:46 of 1st period - Sean Monahan is hit by Ryan Strome and loses puck.
5:51 of 1st period - Wrist shot by Viktor Arvidsson.
5:51 of 1st period - Stopped by Carey Price without a rebound.
5:52 of 1st period - Drew Shore wins face-off versus Sean Couturier in Blues zone.
6:21 of 1st period - Snap shot by Ryan Strome.
6:21 of 1st period - Shot Misses the Net.
6:57 of 1st period - Cale Makar is hit by Tyler Toffoli and loses puck.
7:21 of 1st period - Penalty to Travis Sanheim is over, Travis Sanheim is back on ice.
7:50 of 1st period - Slapshot by Viktor Arvidsson.
7:50 of 1st period - Deflect By Oliver Bjorkstrand.
7:50 of 1st period - Stopped by Carey Price without a rebound.
7:51 of 1st period - Henrik Samuelsson wins face-off versus Vincent Trocheck in Blues zone.
8:00 of 1st period - Snap shot by Viktor Arvidsson.
8:00 of 1st period - Stopped by Carey Price without a rebound.
8:01 of 1st period - Nikolaj Ehlers wins face-off versus Sean Couturier in Blues zone.
8:16 of 1st period - Sean Couturier is hit by Travis Sanheim and loses puck.
9:30 of 1st period - Minor Penalty to Drew Shore for Holding.
9:31 of 1st period - Filip Forsberg wins face-off versus Devante Smith-Pelly in Blues zone.
9:39 of 1st period - Off-side.
9:40 of 1st period - Filip Forsberg wins face-off versus Sean Couturier in neutral zone.
9:56 of 1st period - Wrist shot by Sean Couturier.
9:56 of 1st period - Shot Misses the Net.
9:58 of 1st period - Snap shot by Sean Couturier.
9:58 of 1st period - Stopped by Carey Price with a rebound.
10:44 of 1st period - Slapshot by Cale Makar.
10:44 of 1st period - Deflect By Jujhar Khaira.
10:44 of 1st period - Stopped by Carey Price without a rebound.
10:45 of 1st period - Sean Monahan wins face-off versus Viktor Arvidsson in Blues zone.
11:30 of 1st period - Penalty to Drew Shore is over, Drew Shore is back on ice.
11:46 of 1st period - David Pope is hit by Seth Jones and loses puck.
12:24 of 1st period - Henrik Samuelsson is hit by Travis Sanheim and loses puck.
12:31 of 1st period - Snap shot by Nathan MacKinnon.
12:31 of 1st period - Goal by Nathan MacKinnon - Blues : 1 - Rangers : 0.
12:32 of 1st period - Nathan MacKinnon wins face-off versus Sean Couturier in neutral zone.
12:32 of 1st period - Nathan MacKinnon is hit by Milan Lucic.
13:04 of 1st period - Cody Ceci is hit by Tomas Hertl and loses puck.
13:11 of 1st period - Mikhail Sergachev is hit by Sean Monahan and loses puck.
14:34 of 1st period - Icing by Cale Makar.
14:35 of 1st period - Tomas Hertl wins face-off versus Nathan MacKinnon in Rangers zone.
16:03 of 1st period - Vince Dunn is hit by Jordan Kyrou and loses puck.
16:16 of 1st period - Slapshot by Henrik Samuelsson.
16:16 of 1st period - Stopped by Carey Price with a rebound.
16:18 of 1st period - Wrist shot by Vince Dunn.
16:18 of 1st period - Goal by Vince Dunn - Blues : 1 - Rangers : 1.
16:19 of 1st period - Sean Couturier wins face-off versus Nathan MacKinnon in neutral zone.
18:15 of 1st period - Slapshot by Viktor Arvidsson.
18:15 of 1st period - Stopped by Carey Price with a rebound.
18:23 of 1st period - Slapshot by Viktor Arvidsson.
18:23 of 1st period - Goal by Viktor Arvidsson - Blues : 1 - Rangers : 2.
18:24 of 1st period - Nathan MacKinnon wins face-off versus Sean Couturier in neutral zone.
19:15 of 1st period - Snap shot by Jordan Kyrou.
19:15 of 1st period - Stopped by Samuel Montembeault without a rebound.
19:16 of 1st period - Sean Couturier wins face-off versus Vincent Trocheck in Rangers zone.
Goals for this period are 1 for Blues vs 2 for Rangers.
Shots for this period are 2 for Blues vs 18 for Rangers.
2nd period
0:01 of 2nd period - Sean Couturier wins face-off versus Nathan MacKinnon in neutral zone.
0:04 of 2nd period - Wrist shot by Milan Lucic.
0:04 of 2nd period - Shot Misses the Net.
0:06 of 2nd period - Snap shot by Ryan Strome.
0:06 of 2nd period - Shot Misses the Net.
0:17 of 2nd period - Slapshot by Cale Makar.
0:17 of 2nd period - Stopped by Carey Price with a rebound.
0:51 of 2nd period - Ladislav Smid is hit by Mikhail Sergachev and loses puck.
1:14 of 2nd period - Snap shot by David Perron.
1:14 of 2nd period - Stopped by Samuel Montembeault without a rebound.
1:15 of 2nd period - Vincent Trocheck wins face-off versus Casey Mittelstadt in Rangers zone.
1:20 of 2nd period - Slapshot by Ethan Bear.
1:20 of 2nd period - Shot Blocked by Cale Makar.
1:42 of 2nd period - Slapshot by Vince Dunn.
1:42 of 2nd period - Stopped by Carey Price with a rebound.
2:01 of 2nd period - Snap shot by David Pope.
2:01 of 2nd period - Stopped by Carey Price without a rebound.
2:02 of 2nd period - Sean Couturier wins face-off versus Nathan MacKinnon in Blues zone.
2:03 of 2nd period - Snap shot by Milan Lucic.
2:03 of 2nd period - Shot Blocked by Filip Forsberg.
2:13 of 2nd period - Snap shot by Nikolaj Ehlers.
2:13 of 2nd period - Stopped by Samuel Montembeault with a rebound.
2:15 of 2nd period - Slapshot by Seth Jones.
2:15 of 2nd period - Shot Blocked by Dmitry Kulikov.
2:54 of 2nd period - Snap shot by Dominik Simon.
2:54 of 2nd period - Stopped by Samuel Montembeault without a rebound.
2:55 of 2nd period - Tomas Hertl wins face-off versus Nikolaj Ehlers in Rangers zone.
2:55 of 2nd period - Tomas Hertl is hit by Petter Granberg.
3:11 of 2nd period - Wrist shot by Tomas Hertl.
3:11 of 2nd period - Stopped by Carey Price with a rebound.
3:42 of 2nd period - Slapshot by David Pope.
3:42 of 2nd period - Shot Misses the Net.
3:46 of 2nd period - Slapshot by David Pope.
3:46 of 2nd period - Shot Misses the Net.
3:50 of 2nd period - Slapshot by David Pope.
3:50 of 2nd period - Stopped by Carey Price with a rebound.
3:52 of 2nd period - Snap shot by Mikhail Sergachev.
3:52 of 2nd period - Shot Blocked by Ethan Bear.
4:44 of 2nd period - Minor Penalty to Milan Lucic for Hooking.
4:45 of 2nd period - Nathan MacKinnon wins face-off versus Oliver Bjorkstrand in Rangers zone.
5:12 of 2nd period - Sean Monahan is hit by Sean Couturier and loses puck.
6:11 of 2nd period - Casey Mittelstadt is hit by David Perron and loses puck.
6:44 of 2nd period - Penalty to Milan Lucic is over, Milan Lucic is back on ice.
7:03 of 2nd period - Devante Smith-Pelly is hit by Cody Ceci and loses puck.
8:11 of 2nd period - Sean Couturier is hit by Ladislav Smid and loses puck.
8:44 of 2nd period - Viktor Arvidsson is hit by Ladislav Smid and loses puck.
9:09 of 2nd period - Connor Chatam is hit by Jordan Kyrou and loses puck.
9:51 of 2nd period - Slapshot by Sean Monahan.
9:51 of 2nd period - Shot Misses the Net.
10:33 of 2nd period - Cody Ceci is hit by Jake McCabe and loses puck.
10:40 of 2nd period - David Perron is hit by Connor Chatam and loses puck.
11:50 of 2nd period - Drew Shore is hit by David Pope and loses puck.
12:22 of 2nd period - Snap shot by Nathan MacKinnon.
12:22 of 2nd period - Goal by Nathan MacKinnon - Blues : 2 - Rangers : 2.
12:23 of 2nd period - Nathan MacKinnon wins face-off versus Sean Couturier in neutral zone.
12:30 of 2nd period - Wrist shot by Filip Forsberg.
12:30 of 2nd period - Stopped by Samuel Montembeault with a rebound.
14:00 of 2nd period - Wrist shot by Nathan MacKinnon.
14:00 of 2nd period - Shot Misses the Net.
14:12 of 2nd period - Slapshot by Tomas Hertl.
14:12 of 2nd period - Shot Misses the Net.
14:36 of 2nd period - Wrist shot by David Perron.
14:36 of 2nd period - Stopped by Samuel Montembeault without a rebound.
14:37 of 2nd period - Vincent Trocheck wins face-off versus Henrik Samuelsson in Rangers zone.
14:38 of 2nd period - Snap shot by David Perron.
14:38 of 2nd period - Shot Misses the Net.
15:30 of 2nd period - Snap shot by Viktor Arvidsson.
15:30 of 2nd period - Shot Blocked by Ladislav Smid.
15:32 of 2nd period - Snap shot by Henrik Samuelsson.
15:32 of 2nd period - Goal by Henrik Samuelsson - Blues : 2 - Rangers : 3.
15:33 of 2nd period - Nathan MacKinnon wins face-off versus Sean Couturier in neutral zone.
16:08 of 2nd period - Snap shot by Jujhar Khaira.
16:08 of 2nd period - Deflect By Tyler Toffoli.
16:08 of 2nd period - Stopped by Samuel Montembeault with a rebound.
16:27 of 2nd period - Minor Penalty to Travis Sanheim for Holding.
16:28 of 2nd period - Sean Couturier wins face-off versus Drew Shore in Blues zone.
16:30 of 2nd period - Wrist shot by Milan Lucic.
16:30 of 2nd period - Goal by Milan Lucic - Blues : 2 - Rangers : 4.
16:31 of 2nd period - Sean Couturier wins face-off versus Nathan MacKinnon in neutral zone.
16:34 of 2nd period - Nikolaj Ehlers is hit by Milan Lucic and loses puck.
16:58 of 2nd period - Ondrej Palat is hit by Tyler Toffoli and loses puck.
17:09 of 2nd period - Slapshot by Ondrej Palat.
17:09 of 2nd period - Shot Misses the Net.
17:41 of 2nd period - Wrist shot by Dominik Simon.
17:41 of 2nd period - Shot Blocked by Connor Chatam.
18:07 of 2nd period - Snap shot by Nikolaj Ehlers.
18:07 of 2nd period - Stopped by Samuel Montembeault without a rebound.
18:08 of 2nd period - Nathan MacKinnon wins face-off versus Tomas Hertl in Rangers zone.
19:03 of 2nd period - Snap shot by David Perron.
19:03 of 2nd period - Stopped by Samuel Montembeault with a rebound.
19:05 of 2nd period - Slapshot by Cody Ceci.
19:05 of 2nd period - Shot Misses the Net.
19:07 of 2nd period - Wrist shot by Vincent Trocheck.
19:07 of 2nd period - Shot Misses the Net.
19:47 of 2nd period - Wrist shot by Milan Lucic.
19:47 of 2nd period - Stopped by Carey Price with a rebound.
19:49 of 2nd period - Backhand shot by Vince Dunn.
19:49 of 2nd period - Stopped by Carey Price with a rebound.
19:51 of 2nd period - Slapshot by Steven Santini.
19:51 of 2nd period - Stopped by Carey Price with a rebound.
Goals for this period are 1 for Blues vs 2 for Rangers.
Shots for this period are 9 for Blues vs 10 for Rangers.
3rd period
0:01 of 3rd period - Sean Couturier wins face-off versus Nathan MacKinnon in neutral zone.
0:12 of 3rd period - Snap shot by Cale Makar.
0:12 of 3rd period - Shot Blocked by Seth Jones.
0:16 of 3rd period - Wrist shot by Milan Lucic.
0:16 of 3rd period - Shot Misses the Net.
0:26 of 3rd period - Ondrej Palat is hit by Sean Monahan.
0:30 of 3rd period - Slapshot by Sean Monahan.
0:30 of 3rd period - Stopped by Samuel Montembeault without a rebound.
0:31 of 3rd period - Sean Monahan wins face-off versus Tomas Hertl in Rangers zone.
1:22 of 3rd period - Cale Makar is hit by Seth Jones.
2:01 of 3rd period - Wrist shot by Ryan Strome.
2:01 of 3rd period - Shot Misses the Net.
2:03 of 3rd period - Slapshot by Steven Santini.
2:03 of 3rd period - Shot Blocked by Cody Ceci.
2:05 of 3rd period - Slapshot by Vince Dunn.
2:05 of 3rd period - Stopped by Carey Price with a rebound.
2:07 of 3rd period - Slapshot by Ryan Strome.
2:07 of 3rd period - Stopped by Carey Price with a rebound.
2:09 of 3rd period - Wrist shot by Milan Lucic.
2:09 of 3rd period - Stopped by Carey Price with a rebound.
2:11 of 3rd period - Slapshot by Steven Santini.
2:11 of 3rd period - Stopped by Carey Price without a rebound.
2:12 of 3rd period - Henrik Samuelsson wins face-off versus Nathan MacKinnon in Blues zone.
2:12 of 3rd period - Cale Makar is hit by Filip Forsberg and loses puck.
2:25 of 3rd period - Slapshot by Seth Jones.
2:25 of 3rd period - Stopped by Samuel Montembeault with a rebound.
2:27 of 3rd period - Snap shot by Seth Jones.
2:27 of 3rd period - Shot Misses the Net.
2:39 of 3rd period - Travis Sanheim is hit by Cale Makar and loses puck.
3:32 of 3rd period - Slapshot by Cale Makar.
3:32 of 3rd period - Stopped by Carey Price without a rebound.
3:33 of 3rd period - Sean Couturier wins face-off versus Sean Monahan in Blues zone.
3:40 of 3rd period - Sean Monahan is hit by Dmitry Kulikov and loses puck.
4:09 of 3rd period - Snap shot by Tomas Hertl.
4:09 of 3rd period - Shot Misses the Net.
4:11 of 3rd period - Wrist shot by Vince Dunn.
4:11 of 3rd period - Stopped by Carey Price with a rebound.
4:13 of 3rd period - Snap shot by Tomas Hertl.
4:13 of 3rd period - Stopped by Carey Price without a rebound.
4:14 of 3rd period - Sean Monahan wins face-off versus Henrik Samuelsson in Blues zone.
4:14 of 3rd period - Sean Monahan is hit by Dmitry Kulikov.
4:48 of 3rd period - Wrist shot by David Perron.
4:48 of 3rd period - Shot Misses the Net.
5:06 of 3rd period - Slapshot by Henrik Samuelsson.
5:06 of 3rd period - Goal by Henrik Samuelsson - Blues : 2 - Rangers : 5.
5:07 of 3rd period - Nathan MacKinnon wins face-off versus Sean Couturier in neutral zone.
5:12 of 3rd period - Slapshot by Seth Jones.
5:12 of 3rd period - Deflect By Milan Lucic.
5:12 of 3rd period - Stopped by Samuel Montembeault without a rebound.
5:13 of 3rd period - Nathan MacKinnon wins face-off versus Sean Couturier in Rangers zone.
5:26 of 3rd period - Wrist shot by Filip Forsberg.
5:26 of 3rd period - Stopped by Samuel Montembeault without a rebound.
5:27 of 3rd period - Sean Couturier wins face-off versus Nathan MacKinnon in Rangers zone.
5:27 of 3rd period - Sean Couturier is hit by Filip Forsberg.
5:37 of 3rd period - Wrist shot by Milan Lucic.
5:37 of 3rd period - Shot Misses the Net.
5:56 of 3rd period - Off-side.
5:57 of 3rd period - Sean Monahan wins face-off versus Tomas Hertl in neutral zone.
6:04 of 3rd period - Wrist shot by Sean Monahan.
6:04 of 3rd period - Shot Misses the Net.
6:06 of 3rd period - Snap shot by Jujhar Khaira.
6:06 of 3rd period - Deflect By Sean Monahan.
6:06 of 3rd period - Stopped by Samuel Montembeault with a rebound.
6:24 of 3rd period - Vincent Trocheck is hit by Viktor Arvidsson and loses puck.
6:31 of 3rd period - Snap shot by David Perron.
6:31 of 3rd period - Shot Blocked by Steven Santini.
6:33 of 3rd period - Slapshot by Seth Jones.
6:33 of 3rd period - Stopped by Samuel Montembeault without a rebound.
6:34 of 3rd period - Nathan MacKinnon wins face-off versus Sean Couturier in Rangers zone.
6:43 of 3rd period - Wrist shot by Nathan MacKinnon.
6:43 of 3rd period - Stopped by Samuel Montembeault without a rebound.
6:44 of 3rd period - Sean Couturier wins face-off versus Nathan MacKinnon in Rangers zone.
7:41 of 3rd period - Snap shot by Milan Lucic.
7:41 of 3rd period - Shot Misses the Net.
7:43 of 3rd period - Wrist shot by Milan Lucic.
7:43 of 3rd period - Stopped by Carey Price with a rebound.
7:45 of 3rd period - Snap shot by Milan Lucic.
7:45 of 3rd period - Goal by Milan Lucic - Blues : 2 - Rangers : 6.
7:46 of 3rd period - Sean Monahan wins face-off versus Tomas Hertl in neutral zone.
7:49 of 3rd period - Wrist shot by Travis Sanheim.
7:49 of 3rd period - Stopped by Samuel Montembeault without a rebound.
7:50 of 3rd period - Tomas Hertl wins face-off versus Sean Monahan in Rangers zone.
7:59 of 3rd period - Slapshot by Tomas Hertl.
7:59 of 3rd period - Shot Blocked by Seth Jones.
8:45 of 3rd period - Wrist shot by Filip Forsberg.
8:45 of 3rd period - Stopped by Samuel Montembeault without a rebound.
8:46 of 3rd period - Nathan MacKinnon wins face-off versus Tomas Hertl in Rangers zone.
8:49 of 3rd period - Snap shot by Filip Forsberg.
8:49 of 3rd period - Shot Misses the Net.
9:56 of 3rd period - Wrist shot by Jordan Kyrou.
9:56 of 3rd period - Stopped by Samuel Montembeault with a rebound.
10:04 of 3rd period - Vincent Trocheck is hit by Connor Chatam and loses puck.
10:21 of 3rd period - Slapshot by Dominik Simon.
10:21 of 3rd period - Deflect By Tomas Hertl.
10:21 of 3rd period - Goal by Dominik Simon - Blues : 3 - Rangers : 6.
10:22 of 3rd period - Nathan MacKinnon wins face-off versus Sean Couturier in neutral zone.
10:31 of 3rd period - Wrist shot by Cale Makar.
10:31 of 3rd period - Deflect By Ryan Strome.
10:31 of 3rd period - Shot Blocked by Cody Ceci.
10:31 of 3rd period - Puck is out of play.
10:32 of 3rd period - Nathan MacKinnon wins face-off versus Sean Couturier in Blues zone.
10:39 of 3rd period - Slapshot by Nikolaj Ehlers.
10:39 of 3rd period - Stopped by Samuel Montembeault without a rebound.
10:40 of 3rd period - Nikolaj Ehlers wins face-off versus Tomas Hertl in Rangers zone.
11:08 of 3rd period - Minor Penalty to Jujhar Khaira for Cross-checking.
11:09 of 3rd period - Sean Couturier wins face-off versus Drew Shore in Blues zone.
12:01 of 3rd period - Icing by Mikhail Sergachev.
12:02 of 3rd period - Sean Couturier wins face-off versus Filip Forsberg in Rangers zone.
12:27 of 3rd period - Cody Ceci is hit by Devante Smith-Pelly and loses puck.
13:08 of 3rd period - Penalty to Jujhar Khaira is over, Jujhar Khaira is back on ice.
13:12 of 3rd period - Snap shot by Jujhar Khaira.
13:12 of 3rd period - Shot Misses the Net.
13:22 of 3rd period - Wrist shot by Nathan MacKinnon.
13:22 of 3rd period - Deflect By Dominik Simon.
13:22 of 3rd period - Shot Misses the Net.
13:22 of 3rd period - Puck is out of play.
13:23 of 3rd period - Sean Monahan wins face-off versus Casey Mittelstadt in Rangers zone.
13:24 of 3rd period - Slapshot by Tyler Toffoli.
13:24 of 3rd period - Stopped by Samuel Montembeault with a rebound.
14:00 of 3rd period - Milan Lucic is hit by Nikolaj Ehlers and loses puck.
15:00 of 3rd period - Vincent Trocheck is hit by Jake McCabe.
15:10 of 3rd period - Snap shot by Vincent Trocheck.
15:10 of 3rd period - Stopped by Samuel Montembeault with a rebound.
15:12 of 3rd period - Snap shot by Vincent Trocheck.
15:12 of 3rd period - Shot Blocked by Vince Dunn.
15:14 of 3rd period - Snap shot by Petter Granberg.
15:14 of 3rd period - Stopped by Samuel Montembeault with a rebound.
16:04 of 3rd period - Tomas Hertl is hit by Sean Monahan and loses puck.
16:29 of 3rd period - David Perron is hit by Sean Couturier and loses puck.
16:58 of 3rd period - Seth Jones is hit by Connor Chatam and loses puck.
17:27 of 3rd period - Wrist shot by David Pope.
17:27 of 3rd period - Shot Misses the Net.
17:29 of 3rd period - Wrist shot by Connor Chatam.
17:29 of 3rd period - Deflect By David Pope.
17:29 of 3rd period - Stopped by Carey Price with a rebound.
17:31 of 3rd period - Wrist shot by Connor Chatam.
17:31 of 3rd period - Shot Misses the Net.
17:43 of 3rd period - Slapshot by Casey Mittelstadt.
17:43 of 3rd period - Shot Misses the Net.
17:55 of 3rd period - Snap shot by David Pope.
17:55 of 3rd period - Shot Misses the Net.
17:57 of 3rd period - Slapshot by Dmitry Kulikov.
17:57 of 3rd period - Stopped by Carey Price with a rebound.
18:05 of 3rd period - Snap shot by David Pope.
18:05 of 3rd period - Shot Misses the Net.
18:07 of 3rd period - Wrist shot by David Pope.
18:07 of 3rd period - Shot Misses the Net.
18:09 of 3rd period - Slapshot by Dmitry Kulikov.
18:09 of 3rd period - Goal by Dmitry Kulikov - Blues : 3 - Rangers : 7.
18:10 of 3rd period - Sean Couturier wins face-off versus Sean Monahan in neutral zone.
18:12 of 3rd period - Off-side.
18:13 of 3rd period - Sean Couturier wins face-off versus Sean Monahan in neutral zone.
18:30 of 3rd period - Slapshot by Sean Monahan.
18:30 of 3rd period - Shot Misses the Net.
19:08 of 3rd period - Slapshot by Viktor Arvidsson.
19:08 of 3rd period - Stopped by Carey Price with a rebound.
19:10 of 3rd period - Slapshot by Cale Makar.
19:10 of 3rd period - Shot Misses the Net.
19:12 of 3rd period - Snap shot by Jake McCabe.
19:12 of 3rd period - Shot Blocked by Ethan Bear.
19:50 of 3rd period - Snap shot by Jordan Kyrou.
19:50 of 3rd period - Deflect By Vincent Trocheck.
19:50 of 3rd period - Shot Misses the Net.
19:50 of 3rd period - Puck is out of play.
19:51 of 3rd period - Nathan MacKinnon wins face-off versus Henrik Samuelsson in Rangers zone.
Goals for this period are 1 for Blues vs 3 for Rangers.
Shots for this period are 15 for Blues vs 14 for Rangers.